 Dungeon Crawl Stone Soup version 0.29.0-4-gdea44cf6ec (webtiles) character file.

Game seed: 15044720166435678016

16 qw the Firebug (level 2, -1/23 HPs)
             Began as a Ghoul Fire Elementalist on Aug 29, 2022.
             Slain by Natasha (8 damage)
             ... on level 2 of the Dungeon.
             The game lasted 00:00:43 (1291 turns).

qw the Firebug (Ghoul Fire Elementalist)            Turns: 1291, Time: 00:00:44

Health: -1/23      AC:  2    Str: 11    XL:     2   Next: 58%
Magic:  3/3        EV: 12    Int: 10    God:
Gold:   16         SH:  0    Dex:  9    Spells: 3/4 levels left

rFire   . . .      SeeInvis .     - Unarmed
rCold   + . .      Faith    .   (no shield)
rNeg    + + +      Spirit   .   a - +0 robe
rPois   inf        Reflect  .   (no helmet)
rElec   .          Harm     .   (no cloak)
rCorr   .          Rampage  .   (no gloves)
Will    .....                   (no boots)
Stlth   ++........              (no amulet)
HPRegen 0.00/turn               (no ring)
MPRegen 0.08/turn               (no ring)

@: inhibited regen, slowed, very slow
A: claws 1, cold resistance 1, negative energy resistance 3, inhibited
regeneration, torment resistance 2, devour on kill
a: no special abilities


You were on level 2 of the Dungeon.
You visited 1 branch of the dungeon, and saw 2 of its levels.

You collected 35 gold pieces.
You spent 19 gold pieces at shops.


Innate Abilities, Weirdness & Mutations

You are immune to poison.
You have sharp fingernails.
Your flesh is cold resistant. (rC+)
You are immune to negative energy. (rN+++)
You do not regenerate when monsters are visible.
You are immune to unholy pain and torment.
You thrive by killing the living.


   Skills:
 - Level 1.0 Fighting
 - Level 1.7 Dodging
 - Level 2.1 Stealth
 + Level 2.0 Unarmed Combat
 - Level 1.7 Spellcasting
 - Level 0.7 Conjurations
 - Level 2.4 Fire Magic


You had 3 spell levels left.
You knew the following spells:

 Your Spells              Type           Power      Damage    Failure   Level
a - Foxfire               Conj/Fire      16%        2x1d4     17%         1

Your spell library contained the following spells:

 Spells                   Type           Power      Damage    Failure   Level
 Scorch                   Fire           10%        2d5       19%         2
 Conjure Flame            Conj/Fire      4%         6-21      45%         3
 Inner Flame              Hex/Fire       3%         N/A       52%         3
 Flame Wave               Conj/Fire      4%         2d5       86%         4

Inventory:

Armour
 a - a +0 robe (worn)
Scrolls
 b - a scroll of noise {unknown}
Potions
 c - a potion of curing {unknown}
 d - a potion of heal wounds {unknown}
 e - a potion of berserk rage {unknown}
 g - a potion of might {unknown}

Dungeon Overview and Level Annotations

Branches:
Dungeon (2/15)

Altars:

Shops:
D:1 *

Annotations:
D:2 Natasha


Message History

You scratch the crimson imp.
The crimson imp is lightly wounded.
The crimson imp hits you but does no damage.
You scratch the crimson imp.
The crimson imp is moderately wounded.
You miss the crimson imp.
The crimson imp is moderately wounded.
The crimson imp barely misses you.
Natasha casts a spell.
You claw the crimson imp!
The crimson imp is severely wounded.
The crimson imp hits you.
You scratch the crimson imp.
The crimson imp is almost dead.
The crimson imp hits you.
The crimson imp blinks!
You closely miss the crimson imp.
The crimson imp is almost dead.
The crimson imp misses you.
Natasha mumbles some strange words.
You barely miss the crimson imp.
The crimson imp is severely wounded.
The crimson imp blinks!
The crimson imp closely misses you.
You closely miss the crimson imp.
The crimson imp is severely wounded.
The crimson imp barely misses you.
You scratch the crimson imp.
The crimson imp is severely wounded.
The crimson imp hits you but does no damage.
You scratch the crimson imp.
You kill the crimson imp!
The crimson imp disappears in a puff of smoke!
Natasha casts a spell at you.
You feel yourself slow down. Natasha claws you.
You scratch Natasha but do no damage. Natasha closely misses you.
Natasha claws you!
You scratch Natasha.
Natasha is lightly wounded.
Natasha claws you!
You die...

#.#####################
#..55h@...............#
#.###################.#
#.. #.. #.. #.. #.. #..
#..


You could see an iron imp (summoned), Natasha and a crimson imp (summoned).

Vanquished Creatures
  2 ball pythons (D:1)
  An endoplasm (D:1)
  A giant cockroach (D:1)
  4 jackals (D:1)
  2 frilled lizards (D:1)
  3 kobolds (D:1)
  2 rats (D:1)
15 creatures vanquished.

Notes
Turn   | Place    | Note
-------+----------+-------------------------------------------
     0 | D:1      | qw the Ghoul Fire Elementalist began the quest for the Orb.
     0 | D:1      | Reached XP level 1. HP: 14/14 MP: 2/2
     0 | D:1      | 0 ||| qw: Version: 0.1-a-90-g952f4b7
     0 | D:1      | 0 ||| qw: Game counter: 4040
     0 | D:1      | 0 ||| qw: Always use a shield: true
     0 | D:1      | 0 ||| qw: God list: Okawaru
     0 | D:1      | 0 ||| qw: Allow faded altars: false
     0 | D:1      | 0 ||| qw: Do Orc after D:15 true
     0 | D:1      | 0 ||| qw: Do second Lair branch before Depths: true
     0 | D:1      | 0 ||| qw: Lair rune preference: random
     0 | D:1      | 0 ||| qw: Plans: Normal
     0 | D:1      | 0 ||| PLANNING D:1-11
   117 | D:1      | Reached skill level 1 in Unarmed Combat
   357 | D:1      | 357 ||| Stepping ~*~*~tactically~*~*~ (stealth).
   357 | D:1      | Found a faded altar of an unknown god.
   363 | D:1      | HP: 3/15 [giant cockroach (1)]
   368 | D:1      | Reached skill level 1 in Fighting
   368 | D:1      | Reached XP level 2. HP: 5/23 MP: 3/3
   713 | D:1      | Found Nimagunu's Assorted Antiques.
   875 | D:1      | 875 ||| BUYING ruby potion (19 gold).
   875 | D:1      | Bought a ruby potion for 19 gold pieces
   875 | D:1      | 875 ||| SHOPLISTING scroll labelled COIHIAWAEW (22 gold,
                  | have 16).
   875 | D:1      | 875 ||| SHOPLISTING scroll labelled GEYSCH NISITWY (22
                  | gold, have 16).
   875 | D:1      | 875 ||| SHOPLISTING scroll labelled ILUPOBR SIRAT (22 gold,
                  | have 16).
   875 | D:1      | 875 ||| SHOPLISTING scroll labelled WYL WIENLUGH (22 gold,
                  | have 16).
   875 | D:1      | 875 ||| SHOPLISTING transparent plate armour (616 gold,
                  | have 16).
  1196 | D:1      | 1196 ||| READING scroll labelled ZYFYST PUIC.
  1199 | D:1      | 1199 ||| READING scroll labelled COIHIAWAEW.
  1200 | D:1      | 1200 ||| DROPPING potion of magic.
  1275 | D:2      | Noticed Natasha
  1278 | D:2      | Noticed a crimson imp
  1282 | D:2      | Noticed a crimson imp
  1291 | D:2      | Slain by Natasha

Levels and vault maps discovered:
D:1:      nzn_arrival_crosshair, layout_loops_ring,
          ebering_ecumenical_altar_sacrificial, serial_shops, nicolae_shop_stone
D:2:      layout_basic, uniq_natasha

Skill      XL: |  1  2 |
---------------+-------+-----
Unarmed Combat | 1 2 |  2.0
Fighting       | 1 |  1.0
Dodging        | |  1.7
Stealth        | |  2.1
Spellcasting   | |  1.7
Conjurations   | |  0.7
Fire Magic     | |  2.4

Action                   || total
-------------------------++-------
Melee: Unarmed           ||    71
       Punch             ||     1
  Use: Scroll            ||     2
Armor: Robe              ||    16
Dodge: Dodged            ||    36

Table legend:
 A = Non-vault XP
 B = Vault XP
 C = Vault XP percentage of total XP
 D = Non-vault monster count
 E = Vault monster count
 F = Vault count percentage of total count
                 A         B        C        D         E       F
            +---------+---------+-------+---------+---------+-------
      Total |      24 |       0 |   0.0 |      15 |       0 |   0.0
            +---------+---------+-------+---------+---------+-------
        D:1 |      24 |       0 |   0.0 |      15 |       0 |   0.0
            +---------+---------+-------+---------+---------+-------
